[Event "New York Spring IM-D 2022"]
[Site "New York"]
[Date "2022.04.17"]
[Round "5.5"]
[White "Paragua, Mark"]
[Black "Adewumi, Tanitoluwa"]
[Result "1/2-1/2"]
[ECO "B40"]
[WhiteElo "2456"]
[BlackElo "2190"]
[Annotator "TA"]
[PlyCount "142"]
[EventDate "2022.04.14"]
[EventType "tourn"]
[EventCountry "USA"]
[SourceTitle "playchess.com"]
[Source "ChessBase"]
[SourceQuality "1"]
[TimeControl "5400+30"]

1. e4 c5 2. Nf3 e6 3. g3 Nc6 4. Bg2 Nf6 5. Qe2 d5 6. exd5 {[%emt 0:00:00] B40: Sicilian: 2...e6, Unusual lines.} Nxd5 7. O-O Be7 8. Rd1 {[%emt 0:00:00] White is slightly better.} Bf6 {[%emt 0:00:11] Against d4} (8... e5 $5 ) 9. Nc3 O-O 10. Ne4 Be7 11. c4 (11. d4 $14) 11... Nc7 12. b4 Nd4 {[%emt 0:06:02] [#]} 13. Qd3 $146 ({Predecessor:} 13. Nxd4 Qxd4 14. Rb1 cxb4 15. Bb2 Qb6 16. d4 f5 17. Nc5 Bxc5 18. dxc5 Qxc5 19. Be5 {1-0 (59) Ter Sahakyan,S (2604)-Hayrapetyan,H (2489) Yerevan 2016}) 13... Nxf3+ (13... e5 {seems wilder.} 14. Bb2 Bg4 15. Nxe5 Bxd1 16. Rxd1 f6) 14. Qxf3 cxb4 15. d4 $1 f5 (15... Bd7 $11) 16. Nc5 $14 {[%emt 0:00:00][%mdl 1024] White has compensation.} b6 {[%emt 0:01:54] [#]} 17. Bf4 $1 {[%emt 0:00:00] Qc6 is the strong threat.} Bd6 (17... bxc5 $2 18. dxc5 (18. Bxc7 Qxc7 19. Qxa8 Bf6 $17) 18... Qe8 19. Bxc7 $18) 18. Nd3 Ba6 19. c5 (19. Ne5 $16) 19... Bxf4 (19... Bxd3 $11 {keeps the balance.} 20. cxd6 Be4 21. dxc7 Qd5) 20. Qxf4 $16 Nd5 21. Bxd5 {[%emt 0:00:00][%mdl 64] Remove Defender} Qxd5 22. Nxb4 Qc4 23. Rab1 ({White should play} 23. Qd2 $16) 23... bxc5 24. Nxa6 {[%emt 0:00:00][%mdl 64] Overworked Piece} Qxa6 25. dxc5 Qc6 26. Qd6 Qxd6 27. Rxd6 {[%emt 0:00:00][%mdl 4096] Endgame KRR-KRR} Kf7 28. Rb7+ Kf6 29. Rdd7 g5 30. Rxh7 g4 (30... Rac8 $16) 31. h3 (31. Rxa7 $6 Rfc8 $16) 31... Rac8 32. hxg4 fxg4 33. Rhg7 {[%emt 0:00:36] 0x0.002037565f53dp-1022s more active pieces.} Rxc5 34. Rxg4 Ra8 35. Rgg7 Rc2 (35... e5 $16) 36. Rbf7+ $18 ({Resist} 36. Rxa7 Rxa2 37. Raf7+ (37. Rgf7+ Kg6 $16) 37... Ke5 $16) 36... Ke5 37. Rxa7 ({White should try} 37. Rg5+ $18 Kd6 38. Ra5) 37... Rxa2 $16 {[%emt 0:00:00] [#]} 38. Rxa2 (38. Raf7 $142 $1) 38... Rxa2 $18 {[%emt 0:00:00] KR-KR} 39. Rf7 Kd6 40. Kg2 e5 41. g4 Ke6 42. Rf8 Ke7 43. Rf3 Ra8 44. Kg3 {[%emt 0:00:23] Hoping for g5.} Rg8 45. Kh4 Rh8+ {[%emt 0:00:00] [#]} 46. Kg5 $1 {[%emt 0:00:07] Threatens to win with Rf5.} Rg8+ 47. Kf5 Rf8+ 48. Ke4 Rg8 49. Rg3 Rf8 50. f3 ({Much weaker is} 50. Kxe5 Rxf2 51. Rg1 (51. g5 Kf7 $11) 51... Kf7 $11) 50... Ke6 51. Rh3 Rf6 52. Rh8 {[%emt 0:00:17] Strongly threatening Re8+.} Rf4+ 53. Ke3 Kf7 54. Rh6 Ra4 55. g5 (55. Rb6 $16) 55... Rf4 $11 {[%emt 0:00:00] The position is equal.} 56. g6+ Kg7 57. Rh5 Kxg6 58. Rxe5 Ra4 59. Re4 Ra2 60. Kf4 Kf6 61. Rb4 Ra6 62. Kg4 Rc6 63. f4 Ra6 64. Rb5 Rc6 65. Rh5 {[%emt 0:00:02] Intending Rh6+ and mate.} Rc4 66. Rh6+ Kg7 67. Rb6 Rc5 68. f5 Rc1 69. Kf4 Rf1+ 70. Ke5 Re1+ 71. Kd5 Kf7 {[%emt 0:00:27] White really could win this.  Weighted Error Value: White=0.13 (very precise) /Black=0.10 (very precise)} 1/2-1/2

[Event "New York Spring IM-D 2022"]
[Site "New York"]
[Date "2022.04.17"]
[Round "6.1"]
[White "Wang, Eigen"]
[Black "Adewumi, Tanitoluwa"]
[Result "1/2-1/2"]
[ECO "E12"]
[WhiteElo "2242"]
[BlackElo "2190"]
[Annotator "TA"]
[PlyCount "58"]
[EventDate "2022.04.14"]
[EventType "tourn"]
[EventCountry "USA"]
[SourceTitle "playchess.com"]
[Source "ChessBase"]
[SourceQuality "1"]
[TimeControl "5400+30"]

1. d4 Nf6 2. c4 e6 3. Nf3 b6 4. a3 Bb7 5. Nc3 d5 6. cxd5 Nxd5 7. Qc2 Nxc3 8. bxc3 Nd7 9. e4 c5 10. Bd3 g6 {[%emt 0:00:41] E12: Queen's Indian: Unusual White 4th moves, 4 a3, 4 Nc3 Bb7 5 a3 and 4 Nc3 Bb7 .} 11. h4 h6 {[%emt 0:02:55] [#]} 12. Bf4 $146 ({Predecessor:} 12. h5 g5 13. Qe2 Qc7 14. O-O Bg7 15. Bb2 e5 16. Bb5 Bc6 17. Bxc6 Qxc6 {0-1 (60) Arabidze,M (2363)-Ionescu,I (2181) Mamaia 2016}) 12... Qe7 {[%emt 0:03:45] The position is equal.} 13. Ne5 Nxe5 (13... Bg7 $1 $11) 14. Bxe5 $16 f6 15. Bg3 {[%emt 0:05:47] &Bianco is more active.} Bg7 16. Qe2 ({White should play} 16. Qa4+ $16 Kf7 17. O-O) 16... O-O 17. Qg4 (17. f3 $11 {remains equal.}) 17... Qf7 (17... cxd4 $17 {Strongly threatening ...f5.} 18. Qxg6 dxc3) 18. h5 $1 $36 {[%emt 0:04:41][%mdl 2048] White has some pressure.} g5 {[%emt 0:00:25] [#] White must now prevent ...f5.} 19. Bc4 Rae8 {[%emt 0:01:36] Hoping for ...f5.} 20. O-O f5 21. exf5 Qxf5 22. Qxf5 Rxf5 23. Rfe1 Bd5 (23... Bc8 $14) 24. Bd3 $16 Rff8 25. Bd6 cxd4 26. Bxf8 Kxf8 {[%emt 0:00:00] [#]} 27. cxd4 (27. c4 $142 $1 Bc6 28. a4) 27... Bxd4 28. Rac1 Bc5 29. a4 a5 {[%emt 0:00:00] Weighted Error Value: White=0.20 (precise) /Black=0.23 (precise)} 1/2-1/2

[Event "New York Spring IM-D 2022"]
[Site "New York"]
[Date "2022.04.17"]
[Round "6.2"]
[White "Yang, Qindong"]
[Black "Paragua, Mark"]
[Result "0-1"]
[ECO "E68"]
[WhiteElo "2084"]
[BlackElo "2456"]
[Annotator "TA"]
[PlyCount "94"]
[EventDate "2022.04.14"]
[EventType "tourn"]
[EventCountry "USA"]
[SourceTitle "playchess.com"]
[Source "ChessBase"]
[SourceQuality "1"]
[TimeControl "5400+30"]

1. d4 Nf6 2. c4 g6 3. Nf3 Bg7 4. g3 O-O 5. Bg2 d6 6. O-O Nbd7 7. Nc3 e5 8. e4 exd4 9. Nxd4 Re8 10. h3 a6 11. b3 Rb8 12. Re1 c5 {[%emt 0:06:23] E68: King's Indian: Fianchetto: 6...Nbd7 7 0-0 e5 8 e4.} 13. Nc2 b5 14. Qxd6 bxc4 {[%emt 0:04:51] [#] The position is equal.} 15. bxc4 $146 ({Predecessor:} 15. e5 Nh5 16. g4 cxb3 17. gxh5 b2 18. f4 bxa1=Q 19. Nxa1 Qh4 20. Bd2 Rb6 21. Qd3 {0-1 (30) Platzgummer,F (2351)-Dvirnyy,D (2457) Chotowa 2010}) 15... Ng4 $1 16. hxg4 (16. Qd2 $11 Nge5 17. Qe2) 16... Bxc3 $17 17. Be3 (17. Bd2 $17 Bxa1 18. Rxa1) 17... Be5 $2 ({Stronger than} 17... Bxe1 18. Nxe1 Rb6 19. Qd2 $17) ({Inferior is} 17... Bxa1 18. Rxa1 Rb6 19. Qd3 $17) (17... Rb2 $1 $19 18. Qd3 Qa5) 18. Qd1 $11 Bxa1 19. Qxa1 Qf6 20. Qxf6 Nxf6 21. Bxc5 Nxg4 {[%emt 0:02:34] Hoping for ...Be6.} 22. Nb4 $1 Be6 $36 {[%emt 0:03:54][%mdl 2048] White must now prevent ...Rec8. White is under pressure.} 23. Nc6 Rb7 24. f3 {[%emt 0:09:14] [#]} (24. Bd6 $1 $15) 24... Rc7 $1 $17 25. Ne7+ Rexe7 (25... Kg7 $142 26. Bd6 (26. Bd4+ $2 Kf8 $19) 26... Rcxe7 27. Bxe7 Rxe7 28. fxg4 Bxc4) 26. Bxe7 Rxe7 27. fxg4 Bxc4 28. Bf1 Bxf1 29. Kxf1 {[%emt 0:00:15][%mdl 4096] Endgame KR-KR} Rc7 30. e5 Kf8 31. Re3 Rc4 32. Ra3 Rxg4 33. e6 (33. Kg2 $17 {was worth a try.}) 33... fxe6 $19 {[%emt 0:03:42] Threatens to win with ...h5.} 34. Kf2 Kf7 35. Rxa6 {[%emt 0:00:02] [#]} Kf6 $1 36. a4 Kf5 {[%emt 0:00:10] aiming for ...Rc4.} 37. Kf3 (37. Ra8 $142) 37... Rb4 {[%emt 0:00:10] And now ...h5 would win.} 38. a5 $2 (38. Ra7 {was forced.}) 38... h5 39. Ra8 Rb3+ 40. Kf2 Ra3 41. Rf8+ {[%emt 0:01:46] [#]} Kg4 $1 42. Rf6 $2 (42. Rf4+ $19 Kg5 43. Re4) 42... Ra2+ 43. Ke3 g5 44. Rxe6 Rxa5 {[%emt 0:00:07] Black mates.} 45. Rh6 Ra3+ 46. Kf2 Rf3+ 47. Ke2 Rxg3 {[%emt 0:00:07] Weighted Error Value: White=0.72/Black=0.15 (very precise)} 0-1

[Event "New York Spring IM-D 2022"]
[Site "New York"]
[Date "2022.04.18"]
[Round "7.4"]
[White "Paragua, Mark"]
[Black "Savanovic, Aleksandar"]
[Result "1/2-1/2"]
[ECO "C26"]
[WhiteElo "2456"]
[BlackElo "2391"]
[Annotator "TA"]
[PlyCount "36"]
[EventDate "2022.04.14"]
[EventType "tourn"]
[EventCountry "USA"]
[SourceTitle "playchess.com"]
[Source "ChessBase"]
[SourceQuality "1"]
[TimeControl "5400+30"]

1. e4 e5 2. Nc3 Nf6 3. g3 Nc6 4. Bg2 Bc5 5. d3 d6 6. Nge2 Ng4 {[%emt 0:09:00] C26: Vienna Game: 2...Nf6, sidelines .} 7. O-O h5 8. Na4 ({White should try} 8. h4 $1 $11) 8... h4 (8... Nxf2 $15 9. Rxf2 Bxf2+ 10. Kxf2 h4) 9. Nxc5 $11 {[%emt 0:00:28] Strongly threatening Nb3.} hxg3 $1 10. hxg3 {[%emt 0:00:38] And now Nb3 would win.} dxc5 11. f3 Nf6 {[%emt 0:03:28] [#]} 12. Be3 $146 ({Predecessor:} 12. Kf2 Be6 13. Rh1 Ke7 14. Be3 b6 15. Rxh8 Qxh8 16. c3 Rd8 17. Qa4 Qe8 18. Rd1 Kf8 19. Qc2 Rd6 20. b3 Qd7 21. Rd2 a5 22. Qd1 Nh7 {½-½ (22) Rodriguez Vila,A (2315)-Gomez Fontal,F (2365) Cienfuegos 1991}) 12... b6 13. c3 Bh3 14. Bxh3 Rxh3 15. d4 cxd4 16. cxd4 exd4 {[%emt 0:00:30] [#]} 17. Kg2 $1 Qd7 {[%emt 0:00:30] Threatens to win with ...0-0-0.} (17... Rh7 18. Nxd4) 18. Nxd4 O-O-O {[%emt 0:00:30] Weighted Error Value: White=0.08 (flawless) /Black=0.17 (very precise)} 1/2-1/2

[Event "New York Spring IM-D 2022"]
[Site "New York"]
[Date "2022.04.18"]
[Round "7.5"]
[White "Adewumi, Tanitoluwa"]
[Black "Yang, Qindong"]
[Result "1-0"]
[ECO "B51"]
[WhiteElo "2190"]
[BlackElo "2084"]
[Annotator "TA"]
[PlyCount "107"]
[EventDate "2022.04.14"]
[EventType "tourn"]
[EventCountry "USA"]
[SourceTitle "playchess.com"]
[Source "ChessBase"]
[SourceQuality "1"]
[TimeControl "5400+30"]

1. e4 c5 2. Nf3 d6 3. Bb5+ Nd7 4. c3 Ngf6 5. Bd3 a6 6. Bc2 {[%emt 0:00:41] B51: Sicilian: Moscow Variation (3 Bb5+) without 3...Bd7.} b5 7. d4 Bb7 8. Nbd2 {[%emt 0:00:42] The position is equal.} e5 9. d5 g6 10. O-O Bg7 {[%emt 0:01:11] [#]} 11. Re1 $146 ({Predecessor:} 11. b3 O-O 12. a4 Qc7 13. Re1 Nb6 14. a5 Nbxd5 15. exd5 Nxd5 16. Bb2 f5 17. c4 {½-½ (34) Nakar,E (2451)-Li,R (2570) Dallas 2017}) 11... O-O 12. Nf1 Qc7 13. Bd2 (13. c4 $5) 13... Rfc8 (13... c4 $11 {should be considered.}) 14. h4 (14. c4 $1 $14) 14... a5 15. Ng3 h5 16. Bd3 (16. a4 $11 {is more appropriate.}) 16... Ba6 (16... c4 $5 17. Bc2 a4 $15) 17. Be2 c4 18. Ng5 Re8 19. Rc1 Rab8 20. Rf1 Bc8 21. Be3 Nf8 22. Qd2 (22. b3 {is more complex.} Ng4 23. Bd2 Bd7 24. Rb1) 22... N8h7 23. f3 Nxg5 24. hxg5 Nh7 25. b3 Bd7 26. Nh1 Bc8 27. g3 Nf8 28. Nf2 Nd7 29. bxc4 bxc4 30. Kg2 Nc5 (30... Nb6 $14) 31. Bxc4 $16 Na4 32. Bb3 Nc5 33. Bc4 (33. Bd1 $16) 33... Na4 $1 $18 34. Be2 Bd7 35. c4 Rb2 36. Rc2 Reb8 37. Nd3 Rxc2 38. Qxc2 Bf8 39. Rc1 Be7 40. f4 ({Better is} 40. Qd2 $18) 40... exf4 $16 41. gxf4 Qc8 (41... Bf8 $16 42. Bd4 Qc8) 42. c5 (42. Bd4 $18 {is more deadly.}) 42... dxc5 43. Kf2 (43. Bxc5 $2 Bxc5 44. Qd2 (44. Nxc5 $2 Rb2 $19) 44... Qf8 $19) (43. Kh2 $16) 43... Be8 (43... Bb5 $1 $11) 44. f5 {[%emt 0:00:31] &Bianco is more active.} (44. Nxc5 $2 Bxc5 45. Kg3 (45. Bxc5 $2 Rb2 $19) 45... Rb2 $1 46. Qxb2 Nxb2 $19) (44. Kg3 $16) 44... gxf5 $11 45. e5 $36 {[%emt 0:00:17][%mdl 2048] White is pushing.} (45. Nxc5 $2 Rb2 46. Qxa4 Bxa4 $19) 45... f4 46. Nxf4 {[%emt 0:00:38] And now e6 would win.} Rb2 47. Qe4 (47. Qd3 $11 Bb5 48. Qxb5 Rxb5 49. Bxb5) 47... Bb5 $2 (47... Qg4 $1 $15 {stays ahead.} 48. Qf3 Bxg5 49. Qxg4 hxg4) 48. d6 $2 {[%emt 0:00:49] Really sharp!} (48. e6 $18 {Intending exf7+ and mate.} Qe8 49. Rc2 Rxc2 50. Qxc2 Bxe2 51. Nxe2) 48... Bxg5 $2 (48... Qg4 $11 49. Rc2 Qh4+ 50. Kf1 Rb1+ 51. Bc1 (51. Rc1 Bxe2+ 52. Kxe2 Nc3+ 53. Rxc3 Qe1+ 54. Kf3 Qd1+ 55. Kg3 Qg4+ 56. Kf2 Qh4+ 57. Kf3 Qg4+ 58. Kf2 Qh4+ 59. Ke2 Qe1+ 60. Kf3 Qd1+ 61. Kg3 Qg4+ 62. Kf2 $11) 51... Bxe2+ 52. Kxe2 Bxg5) 49. Rg1 $18 Bxe2 50. Rxg5+ ({Avoid the trap} 50. Nxe2 $2 {[#]} Rxe2+ $1 51. Kxe2 Nc3+ 52. Kd3 Nxe4 $19) 50... Kf8 51. Kg3 ({Stronger than} 51. Nxe2 Rxe2+ 52. Kg1 Re1+ 53. Kh2 Re2+ 54. Rg2 Rxg2+ 55. Kxg2 Nc3 $11) (51. e6 $142 fxe6 52. Kg1) 51... h4+ 52. Kxh4 Bd1 53. e6 fxe6 54. Nxe6+ {[%emt 0:00:22] Weighted Error Value: White=0.35/Black=0.51} 1-0

[Event "New York Spring IM-D 2022"]
[Site "New York"]
[Date "2022.04.18"]
[Round "8.2"]
[White "Savanovic, Aleksandar"]
[Black "Adewumi, Tanitoluwa"]
[Result "1/2-1/2"]
[ECO "B85"]
[WhiteElo "2391"]
[BlackElo "2190"]
[Annotator "TA"]
[PlyCount "71"]
[EventDate "2022.04.14"]
[EventType "tourn"]
[EventCountry "USA"]
[SourceTitle "playchess.com"]
[Source "ChessBase"]
[SourceQuality "1"]
[TimeControl "5400+30"]

1. e4 c5 2. Nf3 e6 3. d4 cxd4 4. Nxd4 Nc6 5. Nc3 Qc7 6. Be2 Nf6 7. O-O Be7 8. Be3 d6 9. f4 a6 10. Kh1 O-O 11. a4 Nxd4 12. Qxd4 e5 13. Qd2 exf4 {[%emt 0:05:56] B85: Sicilian Scheveningen: 6 Be2 a6, lines with early Be3.} 14. Bxf4 Be6 15. Rfd1 Rfd8 16. a5 Rac8 17. h3 {[%emt 0:00:49] [#]} Qd7 $146 ({Predecessor:} 17... Qb8 18. Ra4 g6 19. Rd4 Ne8 20. Na4 Bf6 21. Rb4 Qc7 22. Nb6 Rb8 23. c3 Qc5 {½-½ (74) Nisipeanu,L (2609)-Bruzon Batista,L (2573) Moscow 2001}) 18. Qe1 Qe8 (18... Qc7 {is interesting.} 19. Qg3 Qc5 20. Bh6 g6) 19. Bf3 (19. Qg3 {keeps more tension.} d5 20. Be5 g6 21. exd5 Nxd5 22. Bf3) 19... Nd7 $1 20. Bxd6 Bxd6 21. Rxd6 Ne5 22. Rxd8 Qxd8 23. Be2 f6 24. Qf2 Qc7 25. Qe3 Qc5 26. Qd2 Qb4 27. Qc1 Qd4 28. Ra4 Qd7 {[%emt 0:00:00][%cal Oc8c3] Strongly threatening ...Rxc3!} 29. Ra3 Rd8 30. Bf1 Qd4 31. Ra4 Qf2 32. Nd5 {[%emt 0:00:51] [#]} (32. Be2 $11) 32... Bxd5 ({Black should try} 32... Bxh3 $1 $17 {[%cal Oe5f3][%mdl 512] Threatens to win with ...Nf3!} 33. Qf4 (33. gxh3 $2 Nf3 $19) 33... Qxf4 34. Nxf4 {[#]} Rd1 $1 35. Nxh3 Rxf1+ 36. Ng1 Rf2) 33. exd5 (33. Qd1 $5 ) 33... Rxd5 34. Rf4 Qg3 35. b4 Qc3 36. Re4 {[%emt 0:00:27] Weighted Error Value: White=0.16 (very precise) /Black=0.09 (flawless)} (36. Qb1 $1 $11 Rd6 37. b5 Qxa5 38. Rb4) 1/2-1/2

[Event "New York Spring IM-D 2022"]
[Site "New York"]
[Date "2022.04.18"]
[Round "8.3"]
[White "Csonka, Attila Istvan"]
[Black "Paragua, Mark"]
[Result "1/2-1/2"]
[ECO "B53"]
[WhiteElo "2334"]
[BlackElo "2456"]
[Annotator "TA"]
[PlyCount "40"]
[EventDate "2022.04.14"]
[EventType "tourn"]
[EventCountry "USA"]
[SourceTitle "playchess.com"]
[Source "ChessBase"]
[SourceQuality "1"]
[TimeControl "5400+30"]

1. e4 c5 2. Nf3 d6 3. d4 cxd4 4. Qxd4 Nc6 5. Bb5 Bd7 6. Bxc6 Bxc6 7. Nc3 Nf6 8. Bg5 e6 9. O-O-O Be7 10. Kb1 {[%emt 0:00:18] 10.Qd3 is becoming the main line.} O-O 11. Rhe1 {[%emt 0:02:09] [#]} {Predecessor:} a6 $146 {B53: Sicilian: 2...d6: Lines with Qxd4.} 12. Qd3 b5 13. Nd4 Bb7 14. f3 Rc8 15. h4 h6 16. Bc1 Nd7 17. g4 Ne5 18. Qe2 b4 19. Na4 Bc6 20. Nxc6 Rxc6 {1-0 (28) Grigoryan,K (2645)-Iniyan,P (2555) Lorca 2021} 1/2-1/2

[Event "New York Spring IM-D 2022"]
[Site "New York"]
[Date "2022.04.18"]
[Round "8.5"]
[White "Cervantes Landeiro, Thalia"]
[Black "Dans, Dwight"]
[Result "1-0"]
[ECO "E76"]
[WhiteElo "2206"]
[BlackElo "1979"]
[Annotator "TA"]
[PlyCount "42"]
[EventDate "2022.04.14"]
[EventType "tourn"]
[EventCountry "USA"]
[SourceTitle "playchess.com"]
[Source "ChessBase"]
[SourceQuality "1"]
[TimeControl "5400+30"]

1. d4 Nf6 2. c4 g6 3. Nc3 Bg7 4. e4 d6 5. f4 O-O 6. Nf3 c5 7. d5 e6 8. dxe6 fxe6 9. Bd3 Nc6 10. O-O d5 {[%emt 0:00:00] [#] E76: King's Indian: Four Pawns Attack: Lines specific to 6 Nf3 move-order.} (10... b6 $11) 11. cxd5 (11. e5 $1 $16 ) 11... exd5 $11 12. Nxd5 Nxd5 {[%emt 0:00:00] White has an edge.} 13. Bc4 {[%emt 0:00:13][%mdl 64] [#] Pin} Nd4 $146 ({Predecessor:} 13... Kh8 14. Qxd5 Qxd5 15. Bxd5 Nb4 16. Bc4 Bg4 17. e5 Nc2 18. Rb1 Bf5 19. b3 Rad8 {1-0 (37) Haus,V-Ahrens,T Kassel 1995}) 14. Bxd5+ Kh8 15. Nxd4 (15. Ng5 {keeps more tension.} Qe7 16. Be3 h6 17. Nf3) 15... Bxd4+ 16. Kh1 Qe7 ({Black should try} 16... Qb6) 17. Qb3 $16 g5 (17... Re8 $16 18. Be3 Bg4 19. Bxd4+ (19. Qxb7 Qxb7 20. Bxd4+ cxd4 $11) (19. Bxb7 Rab8 $15) 19... cxd4) 18. f5 $18 a5 19. Be3 Bxe3 20. Qxe3 {[%emt 0:00:15] [#] Qc3+ is the strong threat.} Bd7 $2 (20... Ra6 21. Rac1 Raf6 22. Rxc5 b6) 21. Qc3+ Rf6 {[%emt 0:09:00] Weighted Error Value: White=0.25 (precise) /Black=1.00} 1-0

[Event "New York Spring IM-D 2022"]
[Site "New York"]
[Date "2022.04.19"]
[Round "9.1"]
[White "Dans, Dwight"]
[Black "Wang, Eigen"]
[Result "0-1"]
[ECO "C03"]
[WhiteElo "1979"]
[BlackElo "2242"]
[Annotator "TA"]
[PlyCount "56"]
[EventDate "2022.04.14"]
[EventType "tourn"]
[EventCountry "USA"]
[SourceTitle "playchess.com"]
[Source "ChessBase"]
[SourceQuality "1"]
[TimeControl "5400+30"]

1. e4 e6 2. d4 d5 3. Nd2 Be7 4. e5 c5 5. c3 Nc6 6. Ndf3 cxd4 {[%emt 0:05:34] C03: French Tarrasch: Unusual Black 3rd moves.} 7. cxd4 Qb6 8. Bd3 Bb4+ {[%emt 0:03:06] White is slightly better.} (8... Nxd4 $2 9. Nxd4 (9. Qa4+ Nc6 $17) 9... Bd7 10. Nb3 $18) 9. Kf1 f6 (9... Nxd4 $2 10. Nxd4 Bd7 11. Be3 $18) 10. a3 Be7 11. b4 Bd7 12. Ne2 {[%emt 0:00:23] [#]} O-O-O $146 (12... fxe5 $14 13. dxe5 Nh6) ({Predecessor:} 12... Nh6 13. Bxh6 gxh6 14. Qd2 O-O-O 15. exf6 Bxf6 16. Rc1 a6 17. a4 Kb8 18. b5 Nxd4 19. Nexd4 {1-0 (39) Poetz,F (2378)-Testor,S (2281) Austria 2018}) 13. Be3 ({Better is} 13. exf6 Nxf6 14. Bf4) 13... Kb8 $16 14. g3 Nh6 15. Bxh6 (15. b5 $16 Na5 16. Bf4) 15... gxh6 $11 16. b5 Na5 17. Kg2 Rhf8 18. a4 Be8 $1 19. Nf4 {[%emt 0:01:26] Prevents Bh5.} fxe5 20. Nxe5 Qxd4 21. Qe2 (21. Re1 $1 $15 Bb4 22. Bxh7 (22. Nf3 Qf6 $15) 22... Rxf4 23. gxf4 Qxf4 24. Qf3 Qxf3+ 25. Nxf3 Bxe1 26. Rxe1) 21... Rxf4 $17 22. gxf4 Qxf4 23. Rhe1 (23. Qe3 $2 Qxe3 24. fxe3 Bf6 $19) 23... Bb4 {[%emt 0:08:53] And now ...Nb3 would win.} ({Much worse is} 23... Bd6 $6 24. Qe3 Qf6 25. Rab1 $11) 24. Qe3 Qf8 25. Re2 Bh5 $36 {[%emt 0:06:20][%mdl 2048] Hoping for ...Nb3. White is under pressure. Really sharp!} 26. f3 $2 {[%emt 0:01:08][%mdl 8192] [#]} ({White should play} 26. Rc2 $1 $15) 26... Bc5 $19 {[%emt 0:03:24] This bishop pair is nice. Black is clearly winning.} 27. Nd7+ Rxd7 28. Qe5+ Rc7 {[%emt 0:02:03] Weighted Error Value: White=0.42/Black=0.11 (very precise)} 0-1

[Event "New York Spring IM-D 2022"]
[Site "New York"]
[Date "2022.04.19"]
[Round "9.2"]
[White "Jacobson, Aaron"]
[Black "Cervantes Landeiro, Thalia"]
[Result "1-0"]
[ECO "D26"]
[WhiteElo "2263"]
[BlackElo "2206"]
[Annotator "TA"]
[PlyCount "63"]
[EventDate "2022.04.14"]
[EventType "tourn"]
[EventCountry "USA"]
[SourceTitle "playchess.com"]
[Source "ChessBase"]
[SourceQuality "1"]
[TimeControl "5400+30"]

1. d4 d5 2. c4 dxc4 3. Nf3 Nf6 4. e3 e6 5. Bxc4 c5 6. O-O Nc6 7. Nc3 {[%emt 0:00:34] D26: Queen's Gambit Accepted: 4 e3 e6 5 Bxc5 c5 sidelines.} a6 {[%emt 0:00:26] The main line 7...a6 scores better than 7...cxd4.} 8. d5 Na5 9. b3 {[%emt 0:00:26] The position is equal.} b5 10. Bd3 (10. dxe6 Qxd1 11. exf7+ Ke7 12. Rxd1 bxc4 $15) 10... Nxd5 11. Nxd5 exd5 12. Bb2 $36 {[%emt 0:14:07][%mdl 2048] Black is under pressure.} Bg4 (12... Rb8 {is more complex.} 13. Ne5 c4 14. Qh5 Qc7) 13. h3 Be6 14. Qc2 {[%emt 0:00:00] [#]} Nc6 $146 ({Predecessor:} 14... Rc8 15. Rfd1 c4 16. bxc4 Nxc4 17. Bxc4 Rxc4 18. Qd3 f6 19. a4 Bc5 20. axb5 axb5 {½-½ (59) Bai,J (2593)-Xu,X (2564) Hangzhou 2022}) 15. Bxh7 Qd7 {[%emt 0:07:13] [#]} (15... Rc8 $14) 16. Ng5 $1 $16 O-O-O 17. f4 {[%emt 0:00:00] And now f5 would win. &Bianco is more active.} Be7 {[%emt 0:14:24] This costs Black the game.} (17... Nb4 $16 {keeps fighting.} 18. Qb1 Qe7) 18. Bxg7 $18 Rxh7 19. Qxh7 (19. Nxh7 $2 Bf5 20. Qf2 Bxh7 $19) 19... f6 20. Nxe6 Qxe6 21. Rae1 Qf7 22. e4 {[%emt 0:00:00] Strongly threatening e5.} Nd4 {[%emt 0:04:17] [#]} (22... Kb7 {is a better defense.}) 23. e5 $1 {[%emt 0:00:00] Hoping for f5.} Rg8 24. exf6 Bxf6 {[%emt 0:00:10] [#]} 25. Qxg8+ Qxg8 26. Bxf6 Nf5 27. Re5 Qg6 28. Bg5 ({Inferior is} 28. Rxd5 Ne3 29. Rxc5+ Kb7 $17) 28... Kb7 $2 (28... c4 29. bxc4 (29. Rxd5 Ng3 $16) 29... dxc4) 29. h4 Nd4 30. f5 Qd6 31. Re7+ Kc6 32. f6 {[%emt 0:00:00] Weighted Error Value: White=0.06 (flawless) /Black=0.60} 1-0